 Dungeon Crawl Stone Soup version 0.23.2-33-g5129a83 (webtiles) character file.

Game seed: 11136824361374149711

1639 EGOIC the Geomancer (level 8, -1/69 HPs)
             Began as a Gargoyle Earth Elementalist on July 27, 2019.
             Was a Follower of Sif Muna.
             Slain by an orc warrior
             ... wielding a +0 dire flail
              (13 damage)
             ... on level 6 of the Dungeon.
             The game lasted 00:19:48 (6785 turns).

EGOIC the Geomancer (Gargoyle Earth Elementalist)   Turns: 6785, Time: 00:19:49

Health: -1/69      AC: 24    Str: 12    XL:     8   Next: 99%
Magic:  0/16       EV:  2    Int: 18    God:    Sif Muna [*.....]
Gold:   350        SH:  0    Dex: 10    Spells: 9/18 levels left

rFire    + . .     SeeInvis .   E - +5 falchion of Woe {elec, rF+ rC+ MR+ Stlth+}
rCold    + + .     Gourm    .   (no shield)
rNeg     + + +     Faith    .   (armour currently unavailable)
rPois    ∞         Spirit   .   (helmet currently unavailable)
rElec    .         Reflect  .   (cloak currently unavailable)
rCorr    .         Harm     .   (gloves currently unavailable)
MR       +....     NoTele   +   (boots currently unavailable)
Stlth    +++.......             (no amulet)
HPRegen  0.21/turn              B - ring of protection from cold
MPRegen  0.15/turn              (no ring)

@: tree-form
A: negative energy resistance 1, petrification resistance, rot immunity, AC +5
a: Divine Energy, Renounce Religion


You were on level 6 of the Dungeon.
You worshipped Sif Muna.
Sif Muna was aware of your devotion.
You were not hungry.
You were a tree.
You visited 2 branches of the dungeon, and saw 7 of its levels.

You collected 350 gold pieces.

Inventory:

Hand Weapons
 g - a +1 falchion of holy wrath
 l - a +0 short sword
 q - a +0 arbalest
 r - a +2 dagger of venom
 E - the +5 falchion of Woe (weapon) {elec, rF+ rC+ MR+ Stlth+}
   (You found it on level 6 of the Dungeon)

   Occasionally, upon striking a foe, it will discharge some electrical energy
   and cause terrible harm.
   It protects you from fire.
   It protects you from cold.
   It affects your resistance to hostile enchantments.
   It makes you more stealthy.
Missiles
 b - 95 stones (quivered)
Armour
 c - a +0 robe (melded)
 i - a +0 pair of boots (melded)
 u - a +0 cloak (melded)
 C - a +0 pair of gloves (melded)
Jewellery
 B - a ring of protection from cold (left branch)
Wands
 x - a wand of flame (24)
Scrolls
 o - 2 scrolls of random uselessness
 t - 2 scrolls of teleportation
 v - a scroll of fog {unknown}
 w - 2 scrolls of enchant armour {unknown}
 y - a scroll of blinking {unknown}
 z - 2 scrolls of identify
 F - 2 scrolls of remove curse
 G - a scroll of noise {unknown}
Potions
 a - 2 potions of brilliance {unknown}
 e - a potion of berserk rage {unknown}
 f - a potion of degeneration {unknown}
 h - 2 potions of haste {unknown}
 j - a potion of lignification
 k - 5 potions of curing
 m - 2 potions of might {unknown}
 n - 3 potions of flight
 p - a potion of cancellation {unknown}
 s - 4 potions of heal wounds {unknown}
 D - a potion of mutation {unknown}
Comestibles
 d - 11 rations


   Skills:
 * Level 3.0 Fighting
 + Level 1.0 Long Blades
 - Level 1.5 Dodging
 - Level 2.1 Stealth
 - Level 5.7 Spellcasting
 + Level 3.4 Conjurations
   Level 0.7 Transmutations
 - Level 10.1 Earth Magic
 - Level 0.3 Evocations


You had 9 spell levels left.
You knew the following spells:

 Your Spells              Type           Power        Failure   Level  Hunger
a - Sandblast             Erth           #####.       1%          1    None
b - Stone Arrow           Conj/Erth      ####..       2%          3    ##.....
c - Lee's Rapid Deconstr  Erth           #####.....   5%          5    #####..

Your spell library contained the following spells:

 Spells                   Type           Power        Failure   Level  Hunger
 Passwall                 Tmut/Erth      ###.....     1%          2    None
 Petrify                  Tmut/Erth      ###.....     13%         4    ####...
 Swiftness                Chrm/Air       #.......     19%         2    None
 Passage of Golubria      Tloc           N/A          77%         4    ####...
 Darkness                 Hex            #.........   100%        6    #######
 Invisibility             Hex            #.......     100%        6    #######


Dungeon Overview and Level Annotations

Branches:
Dungeon (6/15)             Temple (1/1) D:5

Altars:
Ashenzari
Fedhas
Kikubaaqudgha
Makhleb
Sif Muna
Vehumet
The Shining One


Innate Abilities, Weirdness & Mutations

You are resistant to torment.
((Your stone body is resilient. (AC +5)))
You are immune to poison.
You resist negative energy. (rN+)
((You are resistant to electric shocks. (rElec)))
((You can survive without breathing.))
You are immune to petrification.
You are immune to rotting.


Message History

The orc warrior hits you but does no damage.
You closely miss the orc warrior.
The orc warrior is heavily wounded.
The orc warrior hits you with a +0 dire flail.
The orc priest calls down the wrath of Beogh upon you.
Beogh smites you!
* * * LOW HITPOINT WARNING * * *
You hit the orc warrior.
The orc warrior is severely wounded.
The orc warrior hits you with a +0 dire flail.
* * * LOW HITPOINT WARNING * * *
You hit the orc priest.
Lightning courses through the orc priest!
You kill the orc priest!
Sif Muna accepts your kill.
Your Fighting skill increases to level 3!
Your Long Blades skill increases to level 1!
The orc warrior hits you but does no damage.
The orc warrior hits you with a +0 dire flail!
You die...

#................................
#................................
##...............................
#..........###..................
##.........##..............###...
#..........................###...
...........................##....
................)o#..............
.......#........♣###)............
......###........# #.o...........
.....## ##.PPP.PPPPPPP.......<...
.....# #.P.P.P.......o.........
....## #.P.P.P.P.PPP....>....##
....# #...P.P.P.P.P........##
...## ##P.P.P.PPP.P.......## ...#
P...P.....P......# ...#
P.PPPPP.P)P......#


You could see an orc warrior.

Vanquished Creatures
  A water moccasin (D:5)
  A black bear (D:6)
  3 ogres
  A phantom (D:4)
  2 bullfrogs
  A scorpion (D:5)
  A howler monkey (D:6)
  A crimson imp (D:4)
  A centaur zombie (D:6)
  A quasit (D:6)
  3 hounds
  4 orc wizards
  2 orc priests (D:6)
  Crazy Yiuf (D:2)
  A gnoll shaman (D:6)
  Terence (D:3)
  An iguana (D:6)
  4 worker ants
  A worker ant zombie (D:5)
  Robin (D:3)
  12 gnolls
  4 adders
  2 shadow imps
  An ooze (D:2)
  2 adder skeletons
  3 dart slugs
  5 leopard geckos
  23 orcs
  4 giant cockroaches
  14 goblins
  9 hobgoblins
  6 jackals (D:6)
  3 quokkas
  2 ball pythons
  4 bats
  5 frilled lizards
  A jackal skeleton (D:4)
  2 kobolds
  A quokka skeleton (D:5)
  13 rats
148 creatures vanquished.

Vanquished Creatures (others)
  5 bushes (D:6)
5 creatures vanquished.

Grand Total: 153 creatures vanquished

Notes
Turn   | Place    | Note
-------+----------+-------------------------------------------
     0 | D:1      | EGOIC the Gargoyle Earth Elementalist began the quest for
                  | the Orb.
     0 | D:1      | Reached XP level 1. HP: 10/10 MP: 3/3
    94 | D:1      | Reached skill level 4 in Earth Magic
   272 | D:1      | Reached XP level 2. HP: 15/15 MP: 1/5
   834 | D:2      | Reached XP level 3. HP: 13/19 MP: 1/6
   843 | D:2      | Learned a level 3 spell: Stone Arrow
   953 | D:2      | Reached skill level 5 in Earth Magic
  1222 | D:2      | Found a glowing golden altar of the Shining One.
  1233 | D:2      | Reached XP level 4. HP: 24/24 MP: 3/7
  1353 | D:2      | Found a runed translucent door.
  1354 | D:2      | Noticed Crazy Yiuf
  1450 | D:2      | Noticed Robin
  1450 | D:2      | Noticed Terence
  1485 | D:3      | Killed Terence
  1654 | D:3      | Killed Robin
  1654 | D:3      | Reached skill level 6 in Earth Magic
  1670 | D:2      | Reached XP level 5. HP: 13/28 MP: 1/9
  2213 | D:2      | Learned a level 5 spell: Lee's Rapid Deconstruction
  2224 | D:2      | Killed Crazy Yiuf
  3152 | D:4      | Reached skill level 7 in Earth Magic
  3152 | D:4      | Reached XP level 6. HP: 32/32 MP: 6/10
  3154 | D:4      | Noticed a phantom
  3868 | D:4      | Reached XP level 7. HP: 34/36 MP: 9/12
  3968 | D:4      | Reached skill level 8 in Earth Magic
  3972 | D:4      | Reached skill level 1 in Conjurations
  4619 | D:5      | Entered Level 5 of the Dungeon
  4789 | D:5      | Found a staircase to the Ecumenical Temple.
  4899 | Temple   | Entered the Ecumenical Temple
  4909 | Temple   | Became a worshipper of Sif Muna the Loreminder
  4995 | D:5      | Reached skill level 9 in Earth Magic
  5000 | D:5      | Reached XP level 8. HP: 29/41 MP: 11/15
  5038 | D:5      | Reached skill level 5 in Spellcasting
  5846 | D:6      | Reached * piety under Sif Muna
  5927 | D:6      | Got an ivory falchion
  5942 | D:6      | Identified the +5 falchion of Woe {elec, rF+ rC+ MR+
                  | Stlth+} (You found it on level 6 of the Dungeon)
  5965 | D:6      | Reached skill level 10 in Earth Magic
  6024 | D:6      | Reached skill level 1 in Fighting
  6785 | D:6      | Reached skill level 1 in Long Blades
  6785 | D:6      | Slain by an orc warrior

Skill      XL: |  1  2  3  4  5  6  7  8 |
---------------+-------------------------+-----
Earth Magic    | 4 5 6 7 9 10 | 10.1
Spellcasting   | 3 4 5 |  5.7
Conjurations   | 1 3 |  3.4
Fighting       | 3 |  3.0
Long Blades    | 1 |  1.0
Dodging        | |  1.5
Stealth        | |  2.1
Transmutations | |  0.7
Evocations     | |  0.3

Action                   |  1- 3 |  4- 6 |  7- 9 || total
-------------------------+-------+-------+-------++-------
Melee: Unarmed           |     5 |       |       ||     5
       Short sword       |    32 |       |       ||    32
       Dagger            |       |    64 |    88 ||   152
       Falchion          |       |       |    28 ||    28
 Cast: Sandblast         |    35 |    29 |    31 ||    95
       Stone Arrow       |     1 |    14 |    27 ||    42
       Lee's Rapid Decon |       |     2 |    10 ||    12
Evoke: Wand              |       |       |     4 ||     4
  Use: Potion            |       |     2 |     1 ||     3
       Scroll            |       |     5 |     4 ||     9
 Stab: Sleeping          |     2 |       |     3 ||     5
  Eat: Chunk             |     2 |     7 |     5 ||    14
       Ration            |       |     1 |     3 ||     4
Armor: Robe              |    21 |    33 |    55 ||   109
       Skin              |       |     1 |     2 ||     3
Dodge: Dodged            |    25 |    45 |    67 ||   137
       Rpst.: Falchion   |       |       |     2 ||     2
